[ AOE2 MATCH · #495787070 ]
UnrankedBengalis vs Incas
Player's team · WIN
Rival team · LOSS
[ REPLAY ANALYSIS · EXTRACTED FROM THE RECORDED GAME ]
Feudal
10:27
Castle
14:01
Imperial
—
| APM avg | 64.4 |
| APM peak | 98 |
| eAPM avg | 25.9 |
| Villagers / military | 43 / 36 |
Focus
⚔️ 58.8% · 🌾 41.2%
Ratha (Ranged) ×25 · Mangonel ×6 · Scorpion ×3 · Armored Elephant ×2
Feudal
7:52
Castle
16:59
Imperial
—
| APM avg | 114.7 |
| APM peak | 236 |
| eAPM avg | 54.1 |
| Villagers / military | 54 / 19 |
Focus
⚔️ 72.5% · 🌾 27.5%
Skirmisher ×12 · Archer ×6 · Mangonel ×1
Match map
Initial resources + every placement click. Lines = walls · curves = elevation contours. ◆ gold · ⬟ stone · ● berries · ✦ relic · ◌ wall gap
Your base· Open — unwalled flank
alphaa's base· Open — 10t gap
Smoothed initial terrain · ◌ = detected wall gap · hover for details
Inputs per minute
— The Illusionist - - alphaa
Build order — The Illusionist
117 actions detected in the replay
| 0:04 | Build | Outpost |
| 0:07 | Build | Town Center |
| 1:08 | Create | Villager (Male) |
| 1:08 | Create | Villager (Male) |
| 1:09 | Create | Villager (Male) |
| 1:10 | Create | Villager (Male) |
| 1:44 | Create | Villager (Male) |
| 2:19 | Create | Villager (Male) |
| 2:19 | Create | Villager (Male) |
| 2:43 | Create | Villager (Male) |
| 2:48 | Build | Lumber Camp |
| 3:04 | Create | Villager (Male) |
| 3:04 | Create | Villager (Male) |
| 3:04 | Create | Villager (Male) |
| 3:17 | Create | Villager (Male) |
| 3:58 | Create | Villager (Male) |
| 4:15 | Build | Mill |
| 4:28 | Create | Villager (Male) |
| 5:40 | Build | Palisade Wall |
| 6:01 | Build | House |
| 6:03 | Build | House |
| 6:08 | Create | Villager (Male) |
| 6:21 | Build | Palisade Wall |
| 6:24 | Build | Palisade Wall |
| 6:31 | Create | Villager (Male) |
| 6:38 | Build | House |
| 6:55 | Build | Palisade Wall |
| 7:02 | Create | Villager (Male) |
| 7:02 | Create | Villager (Male) |
| 7:15 | Build | Palisade Wall |
| 7:28 | Research | Loom |
| 7:55 | Research | Feudal Age |
| 9:50 | Create | Villager (Male) |
| 10:09 | Create | Villager (Male) |
| 10:27 | Age | Feudal Age |
| 10:30 | Build | Market |
| 10:32 | Build | Blacksmith |
| 11:11 | Build | Mining Camp |
| 11:21 | Research | Castle Age |
| 11:21 | Research | Castle Age |
| 12:21 | Research | Double-Bit Axe |
| 12:48 | Build | Palisade Wall |
| 12:49 | Build | Palisade Wall |
| 12:54 | Build | Palisade Wall |
| 12:59 | Build | Palisade Wall |
| 13:05 | Build | Palisade Wall |
| 13:16 | Research | Fletching |
| 13:16 | Research | Fletching |
| 13:52 | Create | Villager (Male) |
| 14:00 | Build | House |
| 14:01 | Age | Castle Age |
| 14:20 | Create | Villager (Male) |
| 14:28 | Build | Castle |
| 14:49 | Build | Siege Workshop |
| 15:13 | Create | Villager (Male) |
| 15:16 | Build | Mining Camp |
| 15:42 | Create | Ratha (Ranged) |
| 15:50 | Build | House |
| 16:00 | Create | Villager (Male) |
| 16:08 | Create | Ratha (Ranged) |
| 16:13 | Create | Scorpion |
| 16:24 | Create | Armored Elephant |
| 16:24 | Create | Armored Elephant |
| 16:34 | Create | Ratha (Ranged) |
| 16:34 | Create | Ratha (Ranged) |
| 16:51 | Create | Ratha (Ranged) |
| 16:55 | Create | Villager (Male) |
| 16:55 | Create | Villager (Male) |
| 17:08 | Create | Ratha (Ranged) |
| 17:08 | Create | Ratha (Ranged) |
| 17:15 | Create | Ratha (Ranged) |
| 17:15 | Create | Ratha (Ranged) |
| 17:47 | Create | Ratha (Ranged) |
| 17:48 | Create | Ratha (Ranged) |
| 17:52 | Create | Scorpion |
| 17:52 | Create | Scorpion |
| 18:05 | Create | Ratha (Ranged) |
| 18:05 | Create | Ratha (Ranged) |
| 18:32 | Create | Mangonel |
| 18:37 | Create | Villager (Male) |
| 18:38 | Create | Villager (Male) |
| 18:48 | Create | Villager (Male) |
| 18:48 | Create | Villager (Male) |
| 18:53 | Create | Villager (Male) |
| 18:54 | Create | Villager (Male) |
| 18:56 | Create | Mangonel |
| 18:57 | Create | Mangonel |
| 19:04 | Create | Villager (Male) |
| 19:05 | Create | Villager (Male) |
| 19:22 | Create | Villager (Male) |
| 19:22 | Create | Villager (Male) |
| 19:29 | Create | Ratha (Ranged) |
| 19:29 | Create | Ratha (Ranged) |
| 19:52 | Create | Ratha (Ranged) |
| 19:52 | Create | Ratha (Ranged) |
| 20:16 | Create | Villager (Male) |
| 20:16 | Create | Villager (Male) |
| 20:18 | Create | Ratha (Ranged) |
| 20:22 | Build | Mill |
| 20:36 | Create | Ratha (Ranged) |
| 21:07 | Create | Ratha (Ranged) |
| 21:12 | Build | Mill |
| 21:51 | Create | Ratha (Ranged) |
| 21:55 | Create | Mangonel |
| 21:56 | Create | Mangonel |
| 22:15 | Create | Mangonel |
| 22:17 | Build | Farm |
| 22:18 | Build | Farm |
| 22:55 | Create | Villager (Male) |
| 22:56 | Create | Villager (Male) |
| 23:12 | Create | Villager (Male) |
| 23:13 | Create | Ratha (Ranged) |
| 23:13 | Create | Ratha (Ranged) |
| 23:23 | Create | Ratha (Ranged) |
| 23:24 | Create | Ratha (Ranged) |
| 23:55 | Create | Villager (Male) |
| 23:56 | Create | Villager (Male) |
Build order — alphaa
122 actions detected in the replay
| 0:02 | Build | Town Center |
| 1:03 | Create | Villager (Male) |
| 1:03 | Create | Villager (Male) |
| 1:03 | Create | Villager (Male) |
| 1:04 | Create | Villager (Male) |
| 1:44 | Create | Villager (Male) |
| 1:44 | Create | Villager (Male) |
| 2:25 | Create | Villager (Male) |
| 2:26 | Create | Villager (Male) |
| 2:50 | Build | Settlement |
| 2:58 | Create | Villager (Male) |
| 3:52 | Create | Villager (Male) |
| 4:35 | Create | Villager (Male) |
| 5:07 | Create | Villager (Male) |
| 5:32 | Create | Villager (Male) |
| 5:42 | Research | Feudal Age |
| 5:42 | Research | Feudal Age |
| 5:54 | Build | Settlement |
| 6:46 | Create | Villager (Male) |
| 7:01 | Create | Villager (Male) |
| 7:02 | Build | Barracks |
| 7:52 | Age | Feudal Age |
| 8:04 | Build | Archery Range |
| 8:16 | Create | Villager (Male) |
| 8:40 | Create | Villager (Male) |
| 8:48 | Create | Archer |
| 9:00 | Research | Double-Bit Axe |
| 9:00 | Research | Double-Bit Axe |
| 9:13 | Create | Archer |
| 9:19 | Create | Villager (Male) |
| 9:36 | Create | Archer |
| 9:55 | Create | Archer |
| 9:57 | Create | Villager (Male) |
| 10:17 | Create | Villager (Male) |
| 10:19 | Create | Villager (Male) |
| 10:21 | Create | Villager (Male) |
| 10:26 | Build | Settlement |
| 10:40 | Create | Villager (Male) |
| 10:48 | Build | Settlement |
| 10:54 | Create | Archer |
| 11:11 | Create | Villager (Male) |
| 11:18 | Build | Farm |
| 11:20 | Create | Villager (Male) |
| 11:21 | Build | Farm |
| 11:44 | Build | Farm |
| 11:45 | Create | Villager (Male) |
| 11:45 | Create | Villager (Male) |
| 11:52 | Create | Villager (Male) |
| 11:53 | Create | Villager (Male) |
| 11:54 | Build | Farm |
| 11:54 | Create | Villager (Male) |
| 11:54 | Create | Villager (Male) |
| 11:54 | Create | Villager (Male) |
| 11:56 | Build | House |
| 11:57 | Create | Villager (Male) |
| 12:18 | Create | Villager (Male) |
| 12:21 | Build | Farm |
| 12:21 | Create | Villager (Male) |
| 12:44 | Build | Stone Wall |
| 12:52 | Create | Villager (Male) |
| 13:00 | Build | Market |
| 13:01 | Create | Villager (Male) |
| 13:37 | Build | House |
| 13:44 | Research | Loom |
| 13:45 | Create | Villager (Male) |
| 13:54 | Build | House |
| 14:03 | Build | Stone Wall |
| 14:19 | Research | Castle Age |
| 14:19 | Research | Castle Age |
| 14:23 | Create | Skirmisher |
| 14:23 | Create | Skirmisher |
| 14:26 | Build | House |
| 14:28 | Build | Stone Wall |
| 14:30 | Build | Stone Wall |
| 14:32 | Build | Stone Wall |
| 14:52 | Create | Skirmisher |
| 14:53 | Create | Villager (Male) |
| 14:57 | Create | Villager (Male) |
| 15:15 | Create | Archer |
| 15:23 | Research | Gold Mining |
| 15:23 | Create | Skirmisher |
| 15:46 | Build | Blacksmith |
| 15:49 | Create | Villager (Male) |
| 15:50 | Create | Villager (Male) |
| 15:51 | Build | Farm |
| 16:14 | Build | Stone Wall |
| 16:14 | Build | Stone Wall |
| 16:16 | Build | Stone Wall |
| 16:21 | Research | Fletching |
| 16:22 | Create | Villager (Male) |
| 16:27 | Build | Palisade Gate |
| 16:30 | Build | Palisade Wall |
| 16:31 | Build | Palisade Wall |
| 16:32 | Build | Palisade Wall |
| 16:38 | Create | Skirmisher |
| 16:59 | Age | Castle Age |
| 17:03 | Create | Villager (Male) |
| 17:03 | Create | Villager (Male) |
| 17:06 | Build | Siege Workshop |
| 17:12 | Build | Palisade Wall |
| 17:16 | Build | Palisade Wall |
| 17:38 | Research | Elite Skirmisher (upgrade) |
| 17:42 | Research | Bodkin Arrow |
| 17:42 | Research | Bodkin Arrow |
| 17:43 | Create | Villager (Male) |
| 17:48 | Build | Stone Wall |
| 18:06 | Create | Villager (Male) |
| 18:06 | Create | Villager (Male) |
| 18:09 | Create | Skirmisher |
| 18:09 | Create | Skirmisher |
| 18:09 | Create | Skirmisher |
| 18:09 | Create | Skirmisher |
| 18:45 | Create | Villager (Male) |
| 18:46 | Create | Villager (Male) |
| 19:13 | Create | Mangonel |
| 19:20 | Create | Villager (Male) |
| 19:31 | Create | Villager (Male) |
| 19:36 | Create | Skirmisher |
| 20:13 | Create | Skirmisher |
| 21:09 | Create | Villager (Male) |
| 21:39 | Create | Skirmisher |
| 22:05 | Create | Villager (Male) |
Match timeline
| 5:40 | The Illusionist · wall_segment Palisade Wall x7 |
| 6:21 | The Illusionist · wall_segment Palisade Wall x5 |
| 6:24 | The Illusionist · wall_segment Palisade Wall x2 |
| 6:55 | The Illusionist · wall_segment Palisade Wall x1 |
| 7:02 | alphaa · first_building Barracks |
| 7:15 | The Illusionist · wall_segment Palisade Wall x2 |
| 7:52 | alphaa · age_up feudal |
| 8:04 | alphaa · first_building Archery Range |
| 10:27 | The Illusionist · age_up feudal |
| 11:21 | The Illusionist · first_market_sell 100 food |
| 12:44 | alphaa · wall_segment Stone Wall x12 |
| 12:48 | The Illusionist · wall_segment Palisade Wall x1 |
| 12:49 | The Illusionist · wall_segment Palisade Wall x1 |
| 12:54 | The Illusionist · wall_segment Palisade Wall x1 |
| 12:59 | The Illusionist · wall_segment Palisade Wall x1 |
| 13:05 | The Illusionist · wall_segment Palisade Wall x1 |
| 13:55 | alphaa · first_market_sell 100 stone |
| 14:01 | The Illusionist · age_up castle |
| 14:03 | alphaa · wall_segment Stone Wall x7 |
| 14:28 | The Illusionist · first_building Castle |
| 14:28 | alphaa · wall_segment Stone Wall x1 |
| 14:30 | alphaa · wall_segment Stone Wall x3 |
| 14:32 | alphaa · wall_segment Stone Wall x2 |
| 14:49 | The Illusionist · first_building Siege Workshop |
| 16:14 | alphaa · wall_segment Stone Wall x1 |
| 16:14 | alphaa · wall_segment Stone Wall x1 |
| 16:16 | alphaa · wall_segment Stone Wall x1 |
| 16:30 | alphaa · wall_segment Palisade Wall x2 |
| 16:31 | alphaa · wall_segment Palisade Wall x2 |
| 16:32 | alphaa · wall_segment Palisade Wall x1 |
| 16:59 | alphaa · age_up castle |
| 17:06 | alphaa · first_building Siege Workshop |
| 17:12 | alphaa · wall_segment Palisade Wall x1 |
| 17:16 | alphaa · wall_segment Palisade Wall x2 |
| 17:48 | alphaa · wall_segment Stone Wall x1 |
| 23:57 | alphaa · resign |
[ AI ANALYSIS · 1 CREDIT ]
What really happened in this match?
Wolo.gg analyzes every decision: build order, eco, micro, common mistakes by bracket. Personalized analysis on WhatsApp or Discord in 30 seconds.
Civ guide
Bengalis
Perfil
Jugador #1389164